cohdb
Replays
Latest Replays
All Replays
Popular Replays
Top Player Replays
Match Explorer
How It Works
Community
CoH3 Stats
Reddit
Sign in to upload your games and track your stats! →
Sign in with Steam
Match 38295160
Unlisted
Match 38295160
Overview
Messages
Build Orders
End
Construct Barracks
Engineer Squad
1⁄4-ton 4x4 Truck
Selects Armored Battlegroup
Selects Veteran Crews
Riflemen Squad
M1 Mortar Team
Riflemen Squad
Construct Medical Station
Infantry Support Center
Grenade Package
Construct Weapon Support Center
.30 cal Machine Gun
M3 Armored Personnel Carrier
Selects Fast Deploy
Riflemen Squad
M1918 Browning Automatic Rifles
M3 Armored Personnel Carrier
Selects Seek and Destroy
Selects UNKNOWN (2160077)
Selects M31 Recovery Vehicle
Scout Squad
Riflemen Squad
Construct Tank Depot
Selects War Machine
M18 Hellcat Tank Destroyer
M1919 Machine Gun Team
M4A3E8 Sherman Easy Eight
M18 Hellcat Tank Destroyer
TheCreepy
S.S.Vodka
Definitely Not Juzo
UH|dun! ツ
iceman
kiiy
0
0
Comments
sign in to comment!
No comments posted yet!